 Dungeon Crawl Stone Soup version 0.31.0-32-g396128a36d (webtiles) character file.

Game seed: 1682480947549430967

168 PaiMei the Grave Robber (level 5, -1/38 HPs)
             Began as a Demonspawn Necromancer on Mar 29, 2024.
             Slain by a gnoll
             ... wielding a +0 spear
              (7 damage)
             ... on level 3 of the Dungeon.
             The game lasted 00:02:58 (2647 turns).

PaiMei the Grave Robber (Demonspawn Necromancer)    Turns: 2647, Time: 00:02:59

Health: -1/38      AC:  4    Str:  8    XL:     5   Next: 24%
Magic:  0/9        EV: 12    Int: 20    God:
Gold:   84         SH:  0    Dex: 13    Spells: 6/10 levels left

rFire   + + +        j - +2 dagger (venom)
rCold   . . .        (no shield)
rNeg    . . .        n - +2 robe "Oskaroil" {rF+++ Stlth-}
rPois   .            (helmet restricted)
rElec   .            (no cloak)
rCorr   .            (no gloves)
SInv    .            (no boots)
Will    .....        (no amulet)
Stlth   +            (no ring)
HPRegen 0.26/turn    (no ring)
MPRegen 0.11/turn

%: no passive effects
@: no status effects
A: horns 1, powered by pain 1, big brain 1
a: no special abilities


You were on level 3 of the Dungeon.
You visited 1 branch of the dungeon, and saw 3 of its levels.

You collected 84 gold pieces.

Inventory:

Hand Weapons
 f - a +0 short sword
 j - a +2 dagger of venom (weapon)
Armour
 a - a +0 robe
 n - the +2 robe "Oskaroil" (worn) {rF+++ Stlth-}
   (You found it on level 2 of the Dungeon)

   rF+++:     It renders you almost immune to fire.
   Stlth-:    It makes you less stealthy.
 p - a +0 kite shield
 q - the +5 kite shield of Raicycut {rElec rF++ rN+}
   (You found it on level 2 of the Dungeon)

   rF++:      It greatly protects you from fire.
   rElec:     It insulates you from electricity.
   rN+:       It protects you from negative energy.
Scrolls
 e - 3 scrolls of identify {unknown}
 i - a scroll of torment {unknown}
 l - a scroll of amnesia {unknown}
 m - 2 scrolls of teleportation {unknown}
Potions
 b - a potion of magic
 c - 2 potions of haste {unknown}
 d - a potion of resistance {unknown}
 g - 2 potions of degeneration {unknown}
 h - 2 potions of might {unknown}
 k - 3 potions of curing {unknown}
 o - a potion of enlightenment {unknown}
 r - a potion of mutation {unknown}


   Skills:
 + Level 2.1 Fighting
 + Level 2.9 Dodging
 - Level 2.0 Stealth
 + Level 3.0 Spellcasting
 + Level 5.1 Necromancy


You had 6 spell levels left.
You knew the following spells:

 Your Spells              Type           Power      Damage    Failure   Level
a - Necrotise             Necr           92%        1d8       1%          1
b - Vampiric Draining     Necr           23%        2d7       4%          3

Your spell library contained the following spells:

 Spells                   Type           Power      Damage    Failure   Level
 Animate Dead             Necr           23%        N/A       17%         4
 Blink                    Tloc           6%         N/A       22%         2
 Lesser Beckoning         Tloc           6%         N/A       22%         2
 Momentum Strike          Conj/Tloc      6%         3d8       22%         2
 Curse of Agony           Necr           23%        N/A       43%         5
 Sculpt Simulacrum        Ice/Alch       1%         N/A       100%        6
 Ozocubu's Refrigeration  Ice            1%         4d7       100%        7
 Polar Vortex             Ice            1%         N/A       100%        9


Dungeon Overview and Level Annotations

Branches:
Dungeon (3/15)

Altars:

Shops:
D:3 [


Innate Abilities, Weirdness & Mutations

You have a pair of small horns on your head.
You sometimes gain a little power by taking damage.
You have an unusually large brain. (Int +2)


Message History

You closely miss the gnoll.
The gnoll is almost dead.
You kill the gnoll!
Casting: Necrotise (safe; 1% risk of failure)
Confirm with . or Enter, or press ? or * to list all spells.
You can't see any susceptible monsters within range! (Use Z to cast anyway.)
The gnoll misses you.
The gnoll hits you from afar with a +0 spear!
* * * LOW HITPOINT WARNING * * *
You see here a +0 club.
Casting: Necrotise (safe; 1% risk of failure)
Confirm with . or Enter, or press ? or * to list all spells.
Aiming: Vampiric Draining (dangerous; 4% risk of failure)
Press: ? - help, Shift-Dir - straight line, f - gnoll
Aim: a gnoll, wielding a +0 halberd You draw life force from the gnoll.
You feel life coursing into your body.
The gnoll hits you from afar with a +0 spear.
* * * LOW HITPOINT WARNING * * *
The gnoll closely misses you.
The gnoll hits you from afar with a +0 spear.
* * * LOW HITPOINT WARNING * * *
Casting: Vampiric Draining (dangerous; 4% risk of failure)
Confirm with . or Enter, or press ? or * to list all spells.
Aiming: Vampiric Draining (dangerous; 4% risk of failure)
Press: ? - help, Shift-Dir - straight line, f/p - gnoll
Aim: a gnoll, wielding a +0 halberd (heavily wounded)
You draw life force from the gnoll.
You feel life coursing into your body. The gnoll barely misses you.
The gnoll hits you with a +0 halberd.
* * * LOW HITPOINT WARNING * * *
The gnoll hits you but does no damage.
Casting: Vampiric Draining (dangerous; 4% risk of failure)
Confirm with . or Enter, or press ? or * to list all spells.
Aiming: Vampiric Draining (dangerous; 4% risk of failure)
Press: ? - help, Shift-Dir - straight line, f/p - gnoll
Aim: a gnoll, wielding a +0 halberd (severely wounded)
You draw life force from the gnoll!
You kill the gnoll!
You feel life coursing into your body.
The gnoll hits you from afar with a +0 spear!
You die...

######.#
#............# #.#
#......##.#### #.#
#.......#.# #.#
#........... #.#
#.....(.#.## #.##
##.####...#. #..#
#.#........ ##.#
##g$r#
#@###...#.......
#####)#....##.......
#...rgg....# .g.....
#...[.....## !g.....
#.........# ..g....
#.........# .......
#.........# ..r....
#########.# ..#


You could see 2 gnolls and a rat.

Vanquished Creatures
  A hound (D:3)
  3 adders (D:2)
  6 gnolls
  2 dart slugs (D:1)
  An orc (D:3)
  2 bats
  2 endoplasms (D:2)
  2 giant cockroaches (D:1)
  2 goblins
  6 hobgoblins
  13 jackals
  2 quokkas (D:2)
  5 frilled lizards
  6 kobolds
  4 rats
57 creatures vanquished.

Notes
Turn   | Place    | Note
-------+----------+-------------------------------------------
     0 | D:1      | PaiMei the Demonspawn Necromancer began the quest for the
                  | Orb.
     0 | D:1      | Reached XP level 1. HP: 13/13 MP: 3/3
   404 | D:1      | Gained mutation: You have a pair of small horns on your
                  | head. [demonic ancestry]
   404 | D:1      | Reached XP level 2. HP: 15/19 MP: 0/5
   998 | D:1      | Found a faded altar of an unknown god.
  1140 | D:2      | Gained mutation: You sometimes gain a little power by
                  | taking damage. [demonic ancestry]
  1140 | D:2      | Reached XP level 3. HP: 25/25 MP: 2/6
  1216 | D:2      | Reached skill level 1 in Fighting
  1329 | D:2      | Identified the +2 robe "Oskaroil" {rF+++ Stlth-}
  1365 | D:2      | Identified the +1 ring mail of Patterns {-Tele Harm rElec
                  | Dex+3}
  1551 | D:2      | Reached XP level 4. HP: 31/32 MP: 0/7
  1555 | D:2      | Identified the +5 kite shield of Raicycut {rElec rF++ rN+}
  1819 | D:2      | Learned a level 3 spell: Vampiric Draining
  2146 | D:3      | Found Huseysmy's Antique Armour Shoppe.
  2205 | D:3      | Reached skill level 5 in Necromancy
  2232 | D:3      | Gained mutation: You have an unusually large brain. (Int
                  | +2) [demonic ancestry]
  2232 | D:3      | Reached XP level 5. HP: 34/38 MP: 0/9
  2647 | D:3      | Slain by a gnoll

Illustrated notes

Levels and vault maps discovered:
D:1:      lemuel_arrival_room, layout_loops_corners, basic_ecumenical_altar
D:2:      layout_rooms, chequers_serial_rivers_large_a
D:3:      layout_rooms, serial_shops, nicolae_shop_tiny_glass

Skill      XL: |  1  2  3  4  5 |
---------------+----------------+-----
Dodging        | 2 |  2.9
Stealth        | 2 |  2.0
Fighting       | 1 2 |  2.1
Necromancy     | 5 |  5.1
Spellcasting   | 3 |  3.0

Action                     |  1- 3 |  4- 6 || total
---------------------------+-------+-------++-------
  Melee: Short sword       |    16 |       ||    16
         Dagger            |    15 |    18 ||    33
         Headbutt          |     2 |     2 ||     4
   Cast: Necrotise         |    59 |    39 ||    98
         Vampiric Draining |       |     4 ||     4
   Stab: Distracted        |       |     1 ||     1
 Armour: Robe              |    36 |    24 ||    60
  Dodge: Dodged            |    40 |    24 ||    64
